 Dungeon Crawl Stone Soup version 0.25.0-33-gff14898491 (webtiles) character file.

Game seed: 12798012122535717297

119 Peloso the Skirmisher (level 4, -11/35 HPs)
             Began as a Demonspawn Fighter on July 6, 2020.
             Blown up by an orc (26 damage)
             ... with a disintegration bolt
             ... on level 4 of the Dungeon.
             The game lasted 00:04:25 (1893 turns).

Peloso the Skirmisher (Demonspawn Fighter)          Turns: 1893, Time: 00:04:26

Health: -11/35     AC: 17    Str: 17    XL:     4   Next: 73%
Magic:  0/4        EV:  3    Int:  9    God:
Gold:   86         SH: 10    Dex: 13    Spells: 3/3 levels left

rFire    . . .     SeeInvis .   a - +0 long sword
rCold    . . .     Gourm    .   c - +1 kite shield
rNeg     + . .     Faith    .   h - +0 plate armour
rPois    .         Spirit   +   (no helmet)
rElec    .         Reflect  .   (no cloak)
rCorr    .         Harm     .   (no gloves)
MR       .....                  (no boots)
Stlth    ..........             n - amulet of regeneration
HPRegen  0.51/turn              g - ring of positive energy
MPRegen  0.09/turn              (no ring)

@: sanguine armour
A: magic shield, sanguine armour 1
a: no special abilities


You were on level 4 of the Dungeon.
You were not hungry.

You visited 1 branch of the dungeon, and saw 4 of its levels.

You collected 86 gold pieces.

Inventory:

Hand Weapons
 a - a +0 long sword (weapon)
Armour
 b - a +0 scale mail
 c - a +1 kite shield (worn)
 h - a +0 plate armour (worn)
Jewellery
 e - a +6 ring of intelligence
 g - a ring of positive energy (left hand)
 k - an uncursed amulet of magic regeneration
 n - an amulet of regeneration (around neck)
Scrolls
 p - 2 scrolls of identify
Potions
 d - a potion of might
 j - a potion of ambrosia
 l - a potion of haste {unknown}
 m - 2 potions of lignification {unknown}
 o - a potion of cancellation {unknown}
 q - a potion of curing {unknown}
Comestibles
 f - 5 rations
 i - 4 chunks of flesh


   Skills:
 + Level 3.4 Fighting
 + Level 3.2 Long Blades
 + Level 3.2 Armour
 + Level 0.5 Dodging
 + Level 3.2 Shields


You had 3 spell levels left.
You didn't know any spells.
Your spell library was empty.

Dungeon Overview and Level Annotations

Branches:
Dungeon (4/15)
 Temple: D:4-7

Altars:
Uskayaw


Innate Abilities, Weirdness & Mutations

When hurt, damage is shared between your health and your magic reserves.
When seriously injured, your bleeding wounds create armour. (AC +6)


Message History

Ouch! That really hurt!
* * * LOW HITPOINT WARNING * * *
Your blood congeals into armour.
There is a stone staircase leading up here.
You start resting.
The orc is too close now for your liking.
The orc throws a boomerang.
The boomerang hits you but does no damage.
The weapon returns to the orc!
The orc throws a boomerang.
The boomerang hits you but does no damage.
The weapon returns to the orc!
The orc zaps a wand.
You barely resist.
There is a stone staircase leading up here.
You block the orc's attack.
You see here an orc skeleton.
Your plate armour prevents you from hitting the orc.
The orc zaps a wand.
You are blasted!
Ouch! That really hurt!
You die...

#.#.. .
#.#.#.... .
#.#.#.#.#
..##.#.#.#.#
#........#.#
#..........#
..........#
#.......o.#
........@.#
.##..###<.#
#? #...#
###+#


You could see an orc.

Vanquished Creatures
  4 adders
  An ooze (D:1)
  A worm (D:2)
  2 dart slugs (D:1)
  3 leopard geckos (D:2)
  An orc (D:4)
  4 giant cockroaches
  9 hobgoblins
  6 jackals
  9 kobolds
  2 ball pythons (D:1)
  6 bats
  2 frilled lizards (D:1)
  6 goblins
  9 rats
65 creatures vanquished.

Notes
Turn   | Place    | Note
-------+----------+-------------------------------------------
     0 | D:1      | Peloso the Demonspawn Fighter began the quest for the Orb.
     0 | D:1      | Reached XP level 1. HP: 18/18 MP: 1/1
   173 | D:1      | Gained mutation: When seriously injured, your bleeding
                  | wounds create armour. (AC +6) [demonic ancestry]
   173 | D:1      | Reached XP level 2. HP: 22/24 MP: 2/2
   514 | D:1      | Reached XP level 3. HP: 24/29 MP: 3/3
   998 | D:2      | Found a hide-covered altar of Uskayaw.
  1041 | D:2      | Gained mutation: When hurt, damage is shared between your
                  | health and your magic reserves. [demonic ancestry]
  1041 | D:2      | Reached XP level 4. HP: 18/35 MP: 4/4
  1893 | D:4      | Blown up by an orc

Illustrated notes

Levels and vault maps discovered:
D:1:      nzn_arrival_water_spiral, layout_basic
D:2:      layout_rooms, lemuel_altar_in_water
D:3:      layout_loops_ring, first_ration
D:4:      layout_rooms, kennysheep_little_box, yredelemnul_altar_generic

Skill      XL: |  1  2  3  4 |
---------------+-------------+-----
Armour         | 3 |  3.2
Long Blades    | 2 3 |  3.2
Shields        | 3 |  3.2
Fighting       | |  3.4
Dodging        | |  0.5

Action                   |  1- 3 |  4- 6 || total
-------------------------+-------+-------++-------
Melee: Long sword        |   121 |    83 ||   204
  Use: Scroll            |     5 |     2 ||     7
  Eat: Chunk             |     1 |     3 ||     4
Armor: Scale mail        |    41 |       ||    41
       Plate armour      |    40 |    72 ||   112
Dodge: Dodged            |    37 |     6 ||    43
Block: Kite shield       |    66 |    45 ||   111
       Rpst.: Long sword |    14 |     4 ||    18
